 Dungeon Crawl Stone Soup version 0.25.1-8-g42b30a86e7 (webtiles) character file.

Game seed: 9648872244708556204

298 Abzac the Skirmisher (level 6, 0/57 HPs)
             Began as a Hill Orc Monk on Dec 20, 2020.
             Killed from afar by an orc wizard (2 damage)
             ... with a puff of frost
             ... on level 5 of the Dungeon.
             The game lasted 00:12:49 (4876 turns).

Abzac the Skirmisher (Hill Orc Monk)                Turns: 4876, Time: 00:12:50

Health: 0/57       AC:  6    Str: 16    XL:     6   Next: 36%
Magic:  6/6        EV: 12    Int: 16    God:
Gold:   144        SH:  5    Dex: 13    Spells: 5/5 levels left

rFire    . . .     SeeInvis .   a - +0 hand axe
rCold    . . .     Gourm    .   (no shield)
rNeg     . . .     Faith    .   d - +1 leather armour
rPois    .         Spirit   .   s - +1 helmet
rElec    .         Reflect  +   (no cloak)
rCorr    .         Harm     .   (no gloves)
MR       .....                  (no boots)
Stlth    ++........             p - amulet of reflection
HPRegen  0.19/turn              n - +6 ring of intelligence
MPRegen  0.10/turn              (no ring)

@: no status effects
A: no striking features
a: Convert to Beogh


You were on level 5 of the Dungeon.
You were not hungry.

You visited 1 branch of the dungeon, and saw 5 of its levels.

You collected 144 gold pieces.

Inventory:

Hand Weapons
 a - a +0 hand axe (weapon)
 v - a +2 dagger of electrocution
Armour
 b - a +0 robe
 d - a +1 leather armour (worn)
 j - a cursed +0 chain mail
 k - a +0 ring mail
 l - a +0 leather armour
 s - a +1 helmet (worn)
Jewellery
 n - a +6 ring of intelligence (left hand)
 p - an amulet of reflection (around neck)
Wands
 t - a wand of enslavement (14)
Scrolls
 e - 2 scrolls of enchant armour
 f - a scroll of amnesia
 m - 2 scrolls of immolation
 q - a scroll of fog
 r - a scroll of blinking {unknown}
 w - 2 scrolls of remove curse
 x - a scroll of random uselessness {unknown}
Potions
 g - 2 potions of flight
 h - a potion of might
 z - a potion of haste
 A - a potion of magic
Comestibles
 c - 3 rations


   Skills:
 + Level 6.2 Fighting
 - Level 5.2 Axes
 + Level 3.9 Armour
 - Level 2.4 Dodging
 - Level 1.5 Stealth


You had 5 spell levels left.
You didn't know any spells.
Your spell library was empty.

Dungeon Overview and Level Annotations

Branches:
Dungeon (5/15)
 Temple: D:4-7

Altars:
Dithmenos

Annotations:
D:4 Eustachio
D:5 Prince Ribbit


Message History

You block the centaur's attack.
The orc wizard hits you but does no damage.
The centaur hits you with a +0 quarterstaff!
* * * LOW HITPOINT WARNING * * *
You slash the centaur!
The centaur is heavily wounded.
You completely miss the orc wizard. You block the centaur's attack.
The orc wizard misses you.
You hit the centaur.
The centaur is severely wounded.
You hit the orc wizard but do no damage.
The centaur misses you.
The orc wizard looks braver for a moment.
The centaur barely misses you.
You barely miss the centaur.
The centaur is severely wounded.
You hit the orc wizard.
The orc wizard gestures at you while chanting.
The puff of frost hits you.
You die... ####### #>....# ######'###.# # #........#.## .#. #........#..# oo'

#........##.## ..
######'####..####'####.#
#.# ##.c@ooo.)...? #.#
#.#########.#
#.#####........
#..............
#.......$.....#
########..###.# #.# # <#
..


You could see a centaur, an orc priest, an orc wizard and an orc.

Vanquished Creatures
  2 bullfrog skeletons
  A hound (D:4)
  3 worker ants
  5 adders
  A gnoll (D:1)
  A worm (D:2)
  3 dart slugs
  A leopard gecko (D:5)
  An orc (D:5)
  6 bats
  3 giant cockroaches
  10 goblins
  9 hobgoblins
  9 jackals
  2 ball pythons
  2 frilled lizards
  10 kobolds
  7 rats
76 creatures vanquished.

Notes
Turn   | Place    | Note
-------+----------+-------------------------------------------
     0 | D:1      | Abzac the Hill Orc Monk began the quest for the Orb.
     0 | D:1      | Reached XP level 1. HP: 19/19 MP: 1/1
   170 | D:1      | Reached XP level 2. HP: 12/27 MP: 2/2
   181 | D:1      | Reached skill level 4 in Fighting
   788 | D:1      | Reached XP level 3. HP: 34/34 MP: 3/3
  1505 | D:2      | Reached skill level 5 in Axes
  1697 | D:2      | Reached skill level 1 in Armour
  1706 | D:2      | Found a shadowy altar of Dithmenos.
  1963 | D:2      | Reached XP level 4. HP: 32/41 MP: 4/4
  2641 | D:3      | Reached skill level 5 in Fighting
  3045 | D:3      | Reached XP level 5. HP: 40/48 MP: 5/5
  3394 | D:4      | Noticed Eustachio
  3920 | D:4      | Reached XP level 6. HP: 55/57 MP: 6/6
  3990 | D:4      | Reached skill level 6 in Fighting
  4145 | D:5      | Entered Level 5 of the Dungeon
  4145 | D:5      | Noticed Prince Ribbit
  4873 | D:5      | HP: 2/57 [centaur/+0 quarterstaff (7)]
  4876 | D:5      | Killed from afar by an orc wizard

Illustrated notes

Levels and vault maps discovered:
D:1:      eino_arrival_tree_alley, layout_rooms
D:2:      layout_basic, grunt_dithmenos_smoke_and_mirrors,
          corexii_item_surrounded_by_moat
D:3:      layout_basic, first_ration, minmay_misc_feat_cross
D:4:      layout_cave_pods, minmay_temple_entry_trees, uniq_blork_the_orc,
          uniq_robin, uniq_eustachio
D:5:      layout_basic, serial_shops, nicolae_shop_window_shopping,
          uniq_menkaure, uniq_prince_ribbit1, uniq_sigmund

Skill      XL: |  1  2  3  4  5  6 |
---------------+-------------------+-----
Fighting       | 4 5 6 |  6.2
Axes           | 5 |  5.2
Armour         | 1 2 3 |  3.9
Dodging        | |  2.4
Stealth        | |  1.5

Action                   |  1- 3 |  4- 6 || total
-------------------------+-------+-------++-------
Melee: Hand axe          |   130 |   229 ||   359
  Use: Scroll            |     6 |    12 ||    18
       Potion            |     1 |     3 ||     4
 Stab: Sleeping          |       |     1 ||     1
  Eat: Ration            |     1 |     2 ||     3
       Chunk             |       |     5 ||     5
Armor: Leather armour    |    43 |    80 ||   123
       Skin              |       |     7 ||     7
Dodge: Dodged            |   112 |   161 ||   273
Block: Other             |       |    57 ||    57
